 Dungeon Crawl Stone Soup version 0.29.1-2-gbd0b4ee654 (webtiles) character file.

Game seed: 111627309255717539

988 GorkyZ the Magician (level 7, -7/36 HPs)
             Began as a Deep Elf Fire Elementalist on Nov 24, 2022.
             Was an Initiate of Gozag.
             Mangled by an orc warrior
             ... wielding a +0 short sword
              (9 damage)
             ... on level 6 of the Dungeon.
             The game lasted 00:20:41 (6589 turns).

GorkyZ the Magician (Deep Elf Fire Elementalist)    Turns: 6589, Time: 00:20:42

Health: -7/36      AC:  6    Str:  5    XL:     7   Next: 97%
Magic:  0/17       EV: 14    Int: 22    God:    Gozag
Gold:   194        SH:  0    Dex: 15    Spells: 10/17 levels left

rFire   + . .      SeeInvis .   k - +0 whip
rCold   . . .      Faith    .   (no shield)
rNeg    . . .      Spirit   +   p - +1 robe {rF+}
rPois   .          Reflect  .   (no helmet)
rElec   .          Harm     .   o - +0 cloak
rCorr   .          Rampage  .   l - +0 pair of gloves
Will    .....                   q - +0 pair of boots
Stlth   ++........              n - amulet of guardian spirit
HPRegen 0.12/turn               z - ring of wizardry
MPRegen 0.15/turn               (no ring)

@: no status effects
A: no striking features
a: Renounce Religion, Potion Petition, Call Merchant, Bribe Branch


You were on level 6 of the Dungeon.
You worshipped Gozag.
Gozag was aware of your devotion.
You visited 2 branches of the dungeon, and saw 7 of its levels.

You collected 262 gold pieces.
You paid 68 gold pieces to Gozag.

Inventory:

Hand Weapons
 k - a +0 whip (weapon)
Armour
 a - a +0 robe
 d - a +0 ring mail of willpower
 l - a +0 pair of gloves (worn)
 o - a +0 cloak (worn)
 p - a +1 robe of fire resistance (worn)
 q - a +0 pair of boots (worn)
 s - a +0 robe of willpower
 y - an orb of wrath
Jewellery
 n - an amulet of guardian spirit (around neck)
 z - a ring of wizardry (left hand)
Wands
 u - a wand of flame (2)
Scrolls
 c - 2 scrolls of immolation {unknown}
 f - a scroll of teleportation {unknown}
 g - 4 scrolls of identify {unknown}
 j - a scroll of fog {unknown}
 m - a scroll of summoning {unknown}
Potions
 b - 2 potions of magic
 e - a potion of ambrosia {unknown}
 h - 3 potions of heal wounds {unknown}
 i - a potion of lignification {unknown}
 r - a potion of might {unknown}
 t - 3 potions of curing {unknown}
 v - a potion of degeneration {unknown}
 w - a potion of invisibility {unknown}
 x - a potion of flight {unknown}


   Skills:
 + Level 5.1 Dodging
 - Level 2.4 Stealth
 + Level 5.5 Spellcasting
 + Level 4.2 Conjurations
 + Level 4.7 Hexes
 + Level 3.7 Summonings
 + Level 5.2 Fire Magic


You had 10 spell levels left.
You knew the following spells:

 Your Spells              Type           Power      Damage    Failure   Level
a - Foxfire               Conj/Fire      100%       2x1d9     1%          1
b - Scorch                Fire           58%        2d8       1%          2
c - Flame Wave            Conj/Fire      26%        2d8       6%          4

Your spell library contained the following spells:

 Spells                   Type           Power      Damage    Failure   Level
 Conjure Flame            Conj/Fire      26%        6-21      1%          3
 Inner Flame              Hex/Fire       27%        N/A       1%          3
 Call Canine Familiar     Summ           22%        N/A       2%          3
 Portal Projectile        Hex/Tloc       32%        N/A       4%          3
 Leda's Liquefaction      Hex/Erth       8%         N/A       16%         4


Dungeon Overview and Level Annotations

Branches:
Dungeon (6/15)             Temple (1/1) D:5

Altars:
Cheibriados
Dithmenos
Fedhas
Gozag
Kikubaaqudgha
Makhleb
Nemelex Xobeh
Sif Muna
Trog

Shops:
D:2 =   D:5 *


Message History

The foxfire hits the orc warrior but does no damage.
The orc warrior is severely wounded.
You conjure some foxfire!
The orc warrior hits you with a +0 short sword!
The foxfire hits the orc warrior.
The orc warrior is severely wounded.
The foxfire hits the orc warrior.
The orc warrior is almost dead.
The orc warrior hits you but does no damage.
You conjure some foxfire!
The orc warrior closely misses you.
The orc wizard hits you but does no damage.
The foxfire hits the orc warrior.
The orc warrior is almost dead.
The foxfire hits the orc warrior but does no damage.
The orc warrior is almost dead.
The orc warrior hits you with a +0 short sword!
You conjure some foxfire!
The orc warrior closely misses you.
The orc wizard hits you but does no damage.
The foxfire hits the orc.
The orc is lightly wounded.
The foxfire hits the orc wizard but does no damage.
The orc warrior closely misses you.
The orc wizard gestures at you while chanting.
The puff of flame hits you. You resist.
You conjure some foxfire!
The orc warrior hits you with a +0 short sword!
The orc hits you but does no damage.
The orc wizard casts a spell.
The orc wizard flickers and vanishes!
Deactivating autopickup; reactivate with Ctrl-A.
The foxfire hits something!
The foxfire hits something.
The orc hits you with a +0 whip.
* * * LOW HITPOINT WARNING * * *
You hear some strange, mumbled words.
A magic dart appears from out of thin air!
The magic dart hits you!
* * * LOW HITPOINT WARNING * * *
The orc warrior hits you with a +0 short sword!
You die...
Your body crumbles into a pile of gold.

#....###.......#
#..
#..##..##......##
#...
#.....#..####.###
#....
......##..#####
#... .#####
##...#####..#
#......#..#
#..##....#
#...####ยง.##
#...# ##@{#
#....# #oo#
#...## #..# #....
.... #... ..#..
#####.. #.. #$.


You could see an orc warrior and an orc.

Vanquished Creatures
  A black bear (D:5)
  A centaur (D:5)
  4 necrophages
  2 scorpions
  2 hounds
  3 iguanas
  2 orc wizards
  8 gnolls
  11 adders
  A shadow imp (D:5)
  A white imp (D:6)
  An ufetubus (D:5)
  3 worms
  4 orcs (D:3)
  2 bats (D:1)
  5 endoplasms
  5 giant cockroaches
  6 goblins
  7 hobgoblins
  7 quokkas
  6 ball pythons
  2 frilled lizards (D:2)
  7 kobolds
  4 rats
95 creatures vanquished.

Vanquished Creatures (others)
  466 foxfires
466 creatures vanquished.

Grand Total: 561 creatures vanquished

Notes
Turn   | Place    | Note
-------+----------+-------------------------------------------
     0 | D:1      | GorkyZ the Deep Elf Fire Elementalist began the quest for
                  | the Orb.
     0 | D:1      | Reached XP level 1. HP: 10/10 MP: 6/6
   439 | D:1      | Reached XP level 2. HP: 15/15 MP: 5/8
   841 | D:1      | Reached skill level 1 in Hexes
   972 | D:1      | Found a faded altar of an unknown god.
  1138 | D:2      | Found Yshubogg's Jewellery Shop.
  1301 | D:2      | Reached skill level 1 in Summonings
  1350 | D:2      | Reached XP level 3. HP: 16/19 MP: 2/9
  2558 | D:2      | Learned a level 2 spell: Scorch
  2638 | D:3      | Reached XP level 4. HP: 24/24 MP: 6/11
  3106 | D:3      | Reached XP level 5. HP: 13/28 MP: 5/12
  4277 | D:4      | Reached XP level 6. HP: 15/32 MP: 5/14
  4955 | D:5      | Entered Level 5 of the Dungeon
  4979 | D:5      | Reached XP level 7. HP: 33/36 MP: 7/16
  5196 | D:5      | Found Pinno's Overcharged Wands.
  5333 | D:5      | Reached skill level 5 in Spellcasting
  5628 | D:5      | Reached skill level 5 in Fire Magic
  5966 | D:5      | Reached skill level 5 in Dodging
  6091 | D:5      | Found a sparkling altar of Nemelex Xobeh.
  6262 | D:5      | Found a staircase to the Ecumenical Temple.
  6368 | Temple   | Entered the Ecumenical Temple
  6377 | Temple   | Became a worshipper of Gozag Ym Sagoz the Greedy
  6508 | D:6      | Learned a level 4 spell: Flame Wave
  6589 | D:6      | Mangled by an orc warrior

Illustrated notes

Levels and vault maps discovered:
D:1:      lightli_arrival_boilingwater, layout_basic,
          ebering_ecumenical_altar_hall
D:2:      minmay_angry_zag, layout_basic, serial_shops, nicolae_shop_waterfront,
          nicolae_titane
D:3:      layout_loops_corners
D:4:      layout_rooms
D:5:      layout_layer_cave, nemelex_diamond_rough_becter,
          minmay_temple_entry_fiery, st_stairs_1, nicolae_shop_overcharged_wands
D:6:      layout_cave_pods
Temple:   nicolae_temple_bog_church

Skill      XL: |  1  2  3  4  5  6  7 |
---------------+----------------------+-----
Hexes          | 1 2 3 4 |  4.7
Summonings     | 1 2 3 |  3.7
Dodging        | 3 4 5 |  5.1
Conjurations   | 2 3 4 |  4.2
Fire Magic     | 4 5 |  5.2
Spellcasting   | 4 5 |  5.5
Stealth        | |  2.4

Action                   |  1- 3 |  4- 6 |  7- 9 || total
-------------------------+-------+-------+-------++-------
Melee: Unarmed           |     2 |       |       ||     2
       Whip              |    12 |     3 |       ||    15
 Cast: Foxfire           |    85 |    95 |    85 ||   265
       Scorch            |     1 |       |       ||     1
Armor: Robe              |     5 |    10 |     4 ||    19
Dodge: Dodged            |    41 |    35 |     5 ||    81
